 Dungeon Crawl Stone Soup version 0.30.1-3-gfc49f6343a (webtiles) character file.

Game seed: 7574287006316187167

29 Wiggles the Chopper (level 3, -3/33 HPs)
             Began as a Minotaur Berserker on Aug 9, 2023.
             Was a Follower of Trog.
             Killed by nerve-wracking pain
             ... invoked by Jessica
              (4 damage)
             ... on level 2 of the Dungeon.
             The game lasted 00:01:42 (1260 turns).

Wiggles the Chopper (Minotaur Berserker)            Turns: 1260, Time: 00:01:43

Health: -3/33      AC:  6    Str: 23    XL:     3   Next: 1%
Magic:  2/2        EV: 11    Int:  4    God:    Trog [*.....]
Gold:   49         SH:  2    Dex:  9    Spells: 2/2 levels left

rFire   . . .        a - +0 hand axe
rCold   . . .        i - +0 buckler
rNeg    . . .        c - +0 ring mail
rPois   .            (helmet restricted)
rElec   .            (no cloak)
rCorr   .            (no gloves)
SInv    .            l - +0 pair of boots
Will    .....        (no amulet) Stlth
                     (no ring)
HPRegen 0.25/turn    (no ring)
MPRegen 0.08/turn

%: no passive effects
@: lethally poisoned (-3 -> -11), on berserk cooldown, slowed, very slow
A: horns 2, retaliatory headbutt
a: Renounce Religion, Berserk


You were on level 2 of the Dungeon.
You worshipped Trog.
Trog was aware of your devotion.
You visited 1 branch of the dungeon, and saw 2 of its levels.

You collected 49 gold pieces.

Inventory:

Hand Weapons
 a - a +0 hand axe (weapon)
Armour
 c - a +0 ring mail (worn)
 i - a +0 buckler (worn)
 l - a +0 pair of boots (worn)
Scrolls
 b - a scroll of fear {unknown}
 d - a scroll of immolation {unknown}
 e - a scroll of teleportation {unknown}
 f - a scroll of identify {unknown}
 j - a scroll of fog {unknown}
Potions
 g - 2 potions of curing {unknown}
 h - a potion of degeneration {unknown}
 k - a potion of cancellation {unknown}
 m - a potion of ambrosia {unknown}


   Skills:
 + Level 4.0 Fighting
 + Level 4.2 Axes
 + Level 3.1 Armour
 + Level 2.3 Dodging


You had 2 spell levels left.
You didn't know any spells.
Your spell library was empty.

Dungeon Overview and Level Annotations

Branches:
Dungeon (2/15)

Altars:

Annotations:
D:2 Jessica


Innate Abilities, Weirdness & Mutations

You have a pair of horns on your head.
You reflexively headbutt those who attack you in melee.


Message History

Jessica seems to speed up.
There is a stone staircase leading up here.
You now have 49 gold pieces (gained 15).
Found a murky silvery potion.
m - a murky silvery potion Jessica shouts, "I don't like beings like you!"
Jessica gestures wildly while chanting.
Jessica blinks!
Jessica mumbles some strange words.
Jessica seems to speed up.
A red film seems to cover your vision as you go berserk!
You feel yourself moving faster!
You feel mighty!
Jessica hits you with a +1 dagger of venom.
You are poisoned.
Jessica mumbles some strange words.
Jessica blinks!
You feel a strong urge to attack something.
You feel sick.
You feel sick.
You feel your anger nearly subside.
You are no longer berserk.
You are exhausted.
You feel yourself slow down.
You feel sick.
You feel sick.
You hit Jessica.
Jessica is moderately wounded.
You feel sick.
Jessica hits you with a +1 dagger of venom.
You are more poisoned.
Jessica gestures at you while chanting. Pain shoots through your body!
You barely miss Jessica. Your headbutt misses Jessica.
Jessica is moderately wounded.
You feel very sick. Jessica completely misses you.
Jessica casts a spell at you. Pain shoots through your body!
* * * LOW HITPOINT WARNING * * *
Jessica casts a spell at you. Pain shoots through your body!
You die...

## ###.## . ...
.... ... .. #..
#.... #.
##.#####...#
#.##........#
#..#...######
#.....##
##.#..#####
#......@@.###
#.#.#####...#.#
# #.# ###.#.#
#.# .....# #.#
#.#.##### #.#
#.#...... #.#
#r#g..... #.#
##≈≈≈≈.... #.#
#.†..≈...#


You could see Jessica (fast).

Vanquished Creatures
  An adder (D:2)
  A dart slug (D:1)
  2 ball pythons
  A bat (D:1)
  An endoplasm (D:1)
  A goblin (D:1)
  3 hobgoblins (D:1)
  2 kobolds (D:1)
  3 frilled lizards (D:1)
  A rat (D:1)
16 creatures vanquished.

Notes
Turn   | Place    | Note
-------+----------+-------------------------------------------
     0 | D:1      | Wiggles the Minotaur Berserker began the quest for the Orb.
     0 | D:1      | Reached XP level 1. HP: 19/19 MP: 0/0
   455 | D:1      | Reached XP level 2. HP: 27/27 MP: 1/1
  1186 | D:2      | Noticed Jessica
  1191 | D:2      | Reached XP level 3. HP: 33/33 MP: 2/2
  1260 | D:2      | HP: 1/33 [Jessica/nerve-wracking pain (13)]
  1260 | D:2      | Killed from afar by Jessica

Illustrated notes

Levels and vault maps discovered:
D:1:      minmay_arrival_arboretum_small, layout_basic, minmay_misc_feat_square,
          nicolae_hexahallways
D:2:      layout_rooms, basic_ecumenical_altar, chequers_serial_rivers_micro_d,
          uniq_jessica

Skill      XL: |  1  2 |
---------------+-------+-----
Axes           | 4 |  4.2
Fighting       | 4 |  4.0
Armour         | 3 |  3.1
Dodging        | |  2.3

Action                     || total
---------------------------++-------
  Melee: Hand axe          ||    28
         Headbutt          ||     4
 Invoke: Berserk           ||     1
 Armour: Ring mail         ||    14
         Animal skin       ||     1
  Dodge: Dodged            ||    22
